MLB
TAMPA BAY RAYS @ TEXAS RANGERS
09/06/2026
 
TOP OF THE 1ST
Tampa Bay Rays batting - Pitching for Texas Rangers : RHP Lance McCullers Jr.
Pitching: RHP Lance McCullers Jr.
Batting: RHB Bobby Davenport 0-0: Foul Ball, location: 9LSF
0-1: Ball
1-1: Ball
2-1: Fly out, F7 (Line Drive, 7, EV 87 MPH)
Batting: SHB Osvaldo Leme 0-0: Called Strike
0-1: Ground out U3 (Groundball, 3S, EV 86 MPH)
Batting: RHB Joe Engram 0-0: Called Strike
0-1: Swinging Strike
0-2: Ball
1-2: Strikes out looking
Top of the 1st over - 0 runs, 0 hits, 0 errors, 0 left on base; Tampa Bay 0 - Texas 0
BOTTOM OF THE 1ST
Texas Rangers batting - Pitching for Tampa Bay Rays : RHP Kevin Murray
Pitching: RHP Kevin Murray
Batting: RHB Luis Camacho 0-0: Ball
1-0: Called Strike
1-1: Ground out 4-3 (Groundball, 4M, EV 58 MPH)
Batting: RHB Ignacio López 0-0: Ball
1-0: Called Strike
1-1: Ball
2-1: Foul Ball, location: 9LDF
2-2: Ball
3-2: Ground out 5-3 (Groundball, 56S, EV 58 MPH)
Batting: LHB Wes Erickson 0-0: Called Strike
0-1: Foul Ball, location: 7LSF
0-2: Ball
1-2: Ball
2-2: Fly out, F8 (Line Drive, 8RM, EV 90 MPH)
Bottom of the 1st over - 0 runs, 0 hits, 0 errors, 0 left on base; Tampa Bay 0 - Texas 0
TOP OF THE 2ND
Tampa Bay Rays batting - Pitching for Texas Rangers : RHP Lance McCullers Jr.
Batting: RHB Ismael Ramírez 0-0: DOUBLE (Line Drive, W LL, EV 112 MPH)
Batting: LHB Dan Mitchell 0-0: Foul Ball, location: 9LSF
0-1: SINGLE (Groundball, 4D, EV 94 MPH)
Ismael Ramírez to third
Batting: LHB Eric Cox 0-0: Ball
1-0: Grounds into double play, 5-4-3 (Groundball, 15, EV 72 MPH)
Ismael Ramírez scores
Batting: RHB Dylan Veeck 0-0: Called Strike
0-1: Foul Ball, location: 9LMF
0-2: Foul Ball, location: 25F
0-2: Ball
1-2: Ground out 3-1 (Groundball, 34S, EV 66 MPH)
Top of the 2nd over - 1 run, 2 hits, 0 errors, 0 left on base; Tampa Bay 1 - Texas 0
BOTTOM OF THE 2ND
Texas Rangers batting - Pitching for Tampa Bay Rays : RHP Kevin Murray
Batting: RHB Shigenobu Ito 0-0: Swinging Strike
0-1: Ball
1-1: Ball
2-1: Called Strike
2-2: Ball
3-2: Fly out, F3 (Popup, 34, EV 56 MPH)
Batting: SHB Tony Silva 0-0: Called Strike
0-1: Ball
1-1: Ground out 5-3 (Groundball, 56S, EV 71 MPH)
Batting: RHB Jim Rivers 0-0: Ball
1-0: Ball
2-0: SINGLE (Groundball, 6M, EV 97 MPH)
Batting: RHB Ismael Lópes 0-0: Foul Ball, location: 2F
0-1: Ball
1-1: Fly out, F8 (Flyball, 78M, EV 87 MPH)
Bottom of the 2nd over - 0 runs, 1 hit, 0 errors, 1 left on base; Tampa Bay 1 - Texas 0
TOP OF THE 3RD
Tampa Bay Rays batting - Pitching for Texas Rangers : RHP Lance McCullers Jr.
Batting: RHB Daniel Santos 0-0: Foul Ball, location: 5FF
0-1: Called Strike
0-2: Foul Ball, location: 9LMF
0-2: Ball
1-2: Ball
2-2: SINGLE (Line Drive, 78S, EV 85 MPH)
Batting: RHB Adrian Rondon 0-0: Bunt missed!
0-1: Bunt missed!
0-2: Ball
1-2: Ball
Daniel Santos is caught stealing 2nd base 2-4
2-2: Foul Ball, location: 9LMF
2-2: Ground out U3 (Groundball, 34, EV 90 MPH)
Batting: RHB Bobby Davenport 0-0: Ball
1-0: Fly out, F7 (Line Drive, 7, EV 90 MPH)
Top of the 3rd over - 0 runs, 1 hit, 0 errors, 0 left on base; Tampa Bay 1 - Texas 0
BOTTOM OF THE 3RD
Texas Rangers batting - Pitching for Tampa Bay Rays : RHP Kevin Murray
Batting: RHB José García 0-0: Called Strike
0-1: Swinging Strike
0-2: Ball
1-2: Ball
2-2: Ball
3-2: SINGLE (Groundball, 6D, EV 94 MPH)
Batting: RHB Oscar Cameron 0-0: SINGLE (Line Drive, 8LS, EV 90 MPH)
José García to second
José García to third
Batting: RHB Luis Camacho 0-0: Ball
Oscar Cameron steals 2nd base
1-0: Fly out, F9 (Line Drive, 89D, EV 77 MPH)
Batting: RHB Ignacio López 0-0: Foul Ball, location: 2F
0-1: Foul Ball, location: 2F
0-2: Ball
1-2: Strikes out looking
Batting: LHB Wes Erickson 0-0: Called Strike
0-1: 3-RUN HOME RUN (Flyball, 89XD, EV 110 MPH), Distance : 401 ft
Batting: RHB Shigenobu Ito 0-0: Called Strike
0-1: Ground out 5-3 (Groundball, 5S, EV 88 MPH)
Bottom of the 3rd over - 3 runs, 3 hits, 0 errors, 0 left on base; Tampa Bay 1 - Texas 3
TOP OF THE 4TH
Tampa Bay Rays batting - Pitching for Texas Rangers : RHP Lance McCullers Jr.
Batting: SHB Osvaldo Leme 0-0: SINGLE (Groundball, 6MD, EV 87 MPH)
Batting: RHB Joe Engram 0-0: Ball
1-0: Ball
2-0: Swinging Strike
2-1: Foul Ball, location: 2F
2-2: Fly out, F7 (Flyball, 78D, EV 103 MPH)
Batting: RHB Ismael Ramírez 0-0: Ball
1-0: Ball
2-0: Ball
3-0: Called Strike
3-1: Ground out 6-3 (Groundball, 6S, EV 67 MPH)
Osvaldo Leme to second
Batting: LHB Dan Mitchell 0-0: Ball
1-0: Ball
2-0: Called Strike
2-1: Foul Ball, location: 2F
2-2: Strikes out swinging
Top of the 4th over - 0 runs, 1 hit, 0 errors, 1 left on base; Tampa Bay 1 - Texas 3
BOTTOM OF THE 4TH
Texas Rangers batting - Pitching for Tampa Bay Rays : RHP Kevin Murray
Batting: SHB Tony Silva 0-0: Fly out, F7 (Line Drive, 7, EV 87 MPH)
Batting: RHB Jim Rivers 0-0: Called Strike
0-1: Called Strike
0-2: Ball
1-2: DOUBLE (Flyball, 8RD, EV 96 MPH)
Batting: RHB Ismael Lópes 0-0: Ball
Jim Rivers steals 3rd base (no throw)
1-0: Called Strike
1-1: Ball
2-1: Foul Ball, location: 3DF
2-2: Strikes out swinging
Batting: RHB José García 0-0: Ground out 6-3 (Groundball, 6, EV 83 MPH)
Bottom of the 4th over - 0 runs, 1 hit, 0 errors, 1 left on base; Tampa Bay 1 - Texas 3
TOP OF THE 5TH
Tampa Bay Rays batting - Pitching for Texas Rangers : RHP Lance McCullers Jr.
Batting: LHB Eric Cox 0-0: Ball
1-0: Ball
2-0: Foul Ball, location: 2F
2-1: Called Strike
2-2: Strikes out swinging
Batting: RHB Dylan Veeck 0-0: SINGLE (Line Drive, 78S, EV 88 MPH)
Batting: RHB Daniel Santos 0-0: Called Strike
0-1: Foul Ball, location: 5F
0-2: Ground out 5-3 (Groundball, 56S, EV 59 MPH)
Dylan Veeck to second
Batting: RHB Adrian Rondon 0-0: Ball
1-0: Ground out 3-1 (Groundball, 34S, EV 104 MPH)
Top of the 5th over - 0 runs, 1 hit, 0 errors, 1 left on base; Tampa Bay 1 - Texas 3
BOTTOM OF THE 5TH
Texas Rangers batting - Pitching for Tampa Bay Rays : RHP Kevin Murray
Batting: RHB Oscar Cameron 0-0: Ball
1-0: Called Strike
1-1: Ball
2-1: Ball
3-1: SINGLE (Groundball, 6MD, EV 79 MPH)
Batting: RHB Luis Camacho 0-0: Foul Ball, location: 2F
0-1: Swinging Strike
0-2: Ball
1-2: Foul Ball, location: 7LMF
1-2: Ball
2-2: SINGLE (Line Drive, 8RS, EV 80 MPH)
Oscar Cameron to second
Runner from 2nd tries for 3rd, SAFE, throw by RF made to third
Batting: RHB Ignacio López 0-0: Ball
1-0: Ball
2-0: Fielders Choice at 2nd, 1-4 (Groundball, 15S, EV 58 MPH)
Batting: LHB Wes Erickson 0-0: Called Strike
0-1: 3-RUN HOME RUN (Flyball, 9D, EV 107 MPH), Distance : 355 ft
Pitching: RHP Jesús Pacheco
Batting: RHB Shigenobu Ito 0-0: Called Strike
0-1: Swinging Strike
0-2: Ball
1-2: Ball
2-2: Foul Ball, location: 2F
2-2: Strikes out swinging
Batting: SHB Tony Silva 0-0: Called Strike
0-1: Ball
1-1: Ball
2-1: Ball
3-1: Base on Balls
Batting: RHB Jim Rivers 0-0: Foul Ball, location: 2F
0-1: Ball
1-1: Foul Ball, location: 9LSF
1-2: Foul Ball, location: 25F
1-2: Strikes out swinging
Bottom of the 5th over - 3 runs, 3 hits, 0 errors, 1 left on base; Tampa Bay 1 - Texas 6
TOP OF THE 6TH
Tampa Bay Rays batting - Pitching for Texas Rangers : RHP Lance McCullers Jr.
Batting: RHB Bobby Davenport 0-0: Ground out 5-3 (Groundball, 56S, EV 93 MPH)
Batting: SHB Osvaldo Leme 0-0: Ball
1-0: Ball
2-0: SINGLE (Groundball, 3D, EV 80 MPH)
Batting: RHB Joe Engram 0-0: Swinging Strike
0-1: Foul Ball, location: 2F
0-2: Strikes out swinging
Batting: RHB Ismael Ramírez 0-0: Ball
1-0: Ball
2-0: Called Strike
2-1: Fly out, F6 (Popup, 6M, EV 51 MPH)
Top of the 6th over - 0 runs, 1 hit, 0 errors, 1 left on base; Tampa Bay 1 - Texas 6
BOTTOM OF THE 6TH
Texas Rangers batting - Pitching for Tampa Bay Rays : RHP Jesús Pacheco
Batting: RHB Ismael Lópes 0-0: Called Strike
0-1: Ball
1-1: Ball
2-1: Foul Ball, location: 3FF
2-2: Ground out 3-1 (Groundball, 34S, EV 103 MPH)
Batting: RHB José García 0-0: Ball
1-0: Ground out 2-3 (Groundball, 15S, EV 56 MPH)
Batting: RHB Oscar Cameron 0-0: Fly out, F8 (Flyball, 8LD, EV 89 MPH)
Bottom of the 6th over - 0 runs, 0 hits, 0 errors, 0 left on base; Tampa Bay 1 - Texas 6
TOP OF THE 7TH
Tampa Bay Rays batting - Pitching for Texas Rangers : RHP Lance McCullers Jr.
Batting: LHB Dan Mitchell 0-0: Foul Ball, location: 23FF
0-1: Foul Ball, location: 2F
0-2: Foul Ball, location: 25F
0-2: Ball
1-2: Ball
2-2: Ball
3-2: DOUBLE (Line Drive, W LL, EV 95 MPH) - OUT at third base trying to stretch hit.
Batting: LHB Eric Cox 0-0: Swinging Strike
0-1: Foul Ball, location: 5SF
0-2: Ball
1-2: SOLO HOME RUN (Flyball, 89XD, EV 99 MPH), Distance : 383 ft
Batting: RHB Dylan Veeck 0-0: Called Strike
0-1: Ground out 6-3 (Groundball, 6S, EV 100 MPH)
Batting: RHB Daniel Santos 0-0: Foul Ball, location: 25F
0-1: Swinging Strike
0-2: Foul Ball, location: 7LSF
0-2: Strikes out looking
Top of the 7th over - 1 run, 2 hits, 0 errors, 0 left on base; Tampa Bay 2 - Texas 6
BOTTOM OF THE 7TH
Texas Rangers batting - Pitching for Tampa Bay Rays : RHP Jesús Pacheco
Batting: RHB Luis Camacho 0-0: Foul Ball, location: 7LDF
0-1: Ball
1-1: Ground out 5-3 (Groundball, 56S, EV 59 MPH)
Batting: RHB Ignacio López 0-0: Ball
1-0: Ball
2-0: Ball
3-0: Called Strike
3-1: Called Strike
3-2: Fly out, F7 (Line Drive, 78D, EV 78 MPH)
Batting: LHB Wes Erickson 0-0: Ball
1-0: Swinging Strike
1-1: Swinging Strike
1-2: DOUBLE (Line Drive, W RL, EV 78 MPH)
Batting: RHB Shigenobu Ito 0-0: Called Strike
0-1: Ground out 5-3 (Groundball, 56S, EV 85 MPH)
Bottom of the 7th over - 0 runs, 1 hit, 0 errors, 1 left on base; Tampa Bay 2 - Texas 6
TOP OF THE 8TH
Tampa Bay Rays batting - Pitching for Texas Rangers : RHP Lance McCullers Jr.
Batting: RHB Adrian Rondon 0-0: Ball
1-0: Foul Ball, location: 5DF
1-1: Ball
2-1: SINGLE (Line Drive, 78M, EV 89 MPH)
Pitching: RHP Theron Wright
Batting: RHB Bobby Davenport 0-0: Called Strike
0-1: Foul Ball, location: 9LSF
0-2: Grounds into double play, 6-4-3 (Groundball, 6S, EV 104 MPH)
Batting: SHB Osvaldo Leme 0-0: Fly out, F9 (Flyball, 9LM, EV 82 MPH)
Top of the 8th over - 0 runs, 1 hit, 0 errors, 0 left on base; Tampa Bay 2 - Texas 6
BOTTOM OF THE 8TH
Texas Rangers batting - Pitching for Tampa Bay Rays : RHP Jesús Pacheco
Pitching: LHP Jon Carver
Batting: SHB Tony Silva 0-0: Swinging Strike
0-1: Foul Ball, location: 7LSF
0-2: Ball
1-2: Ball
2-2: Ball
3-2: Base on Balls
Batting: RHB Jim Rivers 0-0: Foul Ball, location: 3SF
0-1: Ball
1-1: Ball
2-1: Called Strike
2-2: Foul Ball, location: 2F
2-2: SINGLE (Line Drive, 7S, EV 70 MPH)
Tony Silva to second
Batting: RHB Ismael Lópes 0-0: Swinging Strike
0-1: Ball
1-1: Ball
2-1: Ball
3-1: Base on Balls
Tony Silva to third
Jim Rivers to second
Batting: RHB José García 0-0: Called Strike
0-1: Ball
1-1: Called Strike
1-2: Ball
2-2: Foul Ball, location: 25F
2-2: Fly out, F7 (Flyball, 7D, EV 106 MPH)
Runner from 3rd tags up, SCORES, no throw by LF
Batting: RHB Oscar Cameron 0-0: Ball
1-0: Foul Ball, location: 2F
1-1: Foul Ball, location: 2F
1-2: Grounds into double play, 6-4-3 (Groundball, 6M, EV 86 MPH)
Bottom of the 8th over - 1 run, 1 hit, 0 errors, 1 left on base; Tampa Bay 2 - Texas 7
TOP OF THE 9TH
Tampa Bay Rays batting - Pitching for Texas Rangers : RHP Theron Wright
Batting: RHB Joe Engram 0-0: Ball
1-0: Called Strike
1-1: Ball
2-1: Swinging Strike
2-2: Foul Ball, location: 7LDF
2-2: Strikes out looking
Batting: RHB Ismael Ramírez 0-0: SINGLE (Groundball, 6MD, EV 86 MPH)
Batting: LHB Dan Mitchell 0-0: Called Strike
0-1: Ball
1-1: Ball
2-1: Ball
3-1: Base on Balls
Ismael Ramírez to second
Batting: LHB Eric Cox 0-0: Foul Ball, location: 2F
0-1: Fly out, F6 (Popup, 6, EV 67 MPH)
Batting: RHB Dylan Veeck 0-0: Ground out 5-3 (Groundball, 5S, EV 93 MPH)
Top of the 9th over - 0 runs, 1 hit, 0 errors, 2 left on base; Tampa Bay 2 - Texas 7
Saturday, September 12th , 2026 - OOTP Baseball 27.4 Build 76